AoeStats
← Overlord

Arena

507601887Analyzed
2v2 RM · 14d ago on Sep 19, 2026· 57m 40s· 4 players
Game mode
Random Map
Map size
Medium (4 player)
Population
200
Speed
Normal
Resources
Standard
Victory
Conquest
Starting age
Dark Age
Ending age
Imperial Age
RankedLock teamsTeams togetherTeam positionsShared explorationLock speedFull tech treeHidden civsTurbo modeCheats
Victory
Defeat
🇵🇰 Celts · Pakistan
1138
+16
🇨🇴 Romans · Colombia
1088
+18
🇦🇷 Teutons · Argentina
1146
-17
🇦🇷 Slavs · Argentina
1144
-17
Overlord
12:01 Feudal Age
12:42 Feudal Age
16:47 Castle Age
14:44 Double-Bit Axe
14:40 Horse Collar
15:20 Gold Mining
16:39 Wheelbarrow
16:03 Stone Mining
16:51 Wheelbarrow
17:29 Loom
18:25 Wheelbarrow
18:02 Bow Saw
18:30 Gold Shaft Mining
18:01 Heavy Plow
18:48 Fletching
25:57 Fortified Wall
26:18 Bodkin Arrow
28:59 Masonry
32:07 Imperial Age
30:12 Hand Cart
33:10 Town Watch
34:38 Crop Rotation
35:28 Gold Shaft Mining
35:07 Town Patrol
35:35 Conscription
34:39 Man-at-Arms
35:19 Squires
35:34 Masonry
35:44 Ballistics
36:30 Long Swordsman
37:24 Ballistas
38:07 Legionary
38:14 Pikeman
39:05 Murder Holes
41:14 Architecture
42:03 Comitatenses
41:50 Heavy Scorpion
42:45 Forging
42:35 Scale Mail Armor
42:45 Forging
44:06 Iron Casting
48:33 Caravan
49:17 Guilds
50:33 Blast Furnace
49:39 Scale Barding Armor
52:16 Chain Mail Armor
52:07 Scale Barding Armor
52:41 Halberdier
53:28 Padded Archer Armor
55:44 Chemistry
54:49 Siege Engineers
57:14 Fervor
58:22 Coinage
NSN WAJID
12:49 Feudal Age
11:05 Loom
16:00 Wheelbarrow
15:17 Gold Mining
15:18 Stone Mining
15:15 Double-Bit Axe
15:29 Horse Collar
19:50 Castle Age
17:38 Town Watch
21:16 Hand Cart
23:56 Scale Mail Armor
32:24 Bow Saw
32:15 Heavy Plow
33:00 Gold Shaft Mining
36:49 Imperial Age
34:46 Pikeman
35:13 Arson
36:58 Halberdier
38:21 Hand Cart
38:44 Chain Mail Armor
42:52 Elite Woad Raider
47:21 Plate Mail Armor
46:29 Heavy Scorpion
47:43 Padded Archer Armor
47:33 Fletching
51:25 Conscription
52:59 Elite Woad Raider
Grischuk
11:10 Feudal Age
15:00 Castle Age
13:06 Double-Bit Axe
13:46 Stone Mining
14:47 Loom
16:08 Bow Saw
17:49 Fletching
18:41 Gold Mining
20:07 Bodkin Arrow
22:08 Horse Collar
23:45 Stone Shaft Mining
27:52 Squires
27:39 Arson
28:46 Heavy Plow
30:33 Scale Mail Armor
30:43 Forging
33:32 Imperial Age
32:12 Bloodlines
32:32 Scale Barding Armor
35:34 Two-Man Saw
35:05 Crop Rotation
34:12 Man-at-Arms
36:39 Iron Casting
36:04 Padded Archer Armor
36:20 Chain Mail Armor
36:25 Chain Barding Armor
35:36 Capped Ram
38:03 Chemistry
37:20 Capped Ram
38:24 Ballistics
38:55 Wheelbarrow
38:08 Town Watch
38:03 Cavalier
41:25 Leather Archer Armor
45:32 Ring Archer Armor
45:10 Siege Engineers
45:15 Masonry
45:14 Pikeman
46:58 Hand Cart
46:44 Town Patrol
47:24 Plate Barding Armor
47:51 Blast Furnace
47:21 Paladin
SamsungA10
10:49 Feudal Age
11:47 Loom
14:59 Castle Age
14:38 Double-Bit Axe
14:39 Horse Collar
15:07 Gold Mining
16:10 Wheelbarrow
22:59 Stone Mining
23:21 Bow Saw
29:24 Fletching
31:14 Ballistics
30:56 Scale Mail Armor
30:55 Bodkin Arrow
31:32 Scale Barding Armor
32:32 Town Watch
35:19 Imperial Age
33:45 Detinets
34:15 Chain Barding Armor
34:10 Forging
34:41 Man-at-Arms
35:24 Scale Mail Armor
36:00 Iron Casting
35:48 Masonry
35:44 Squires
35:29 Long Swordsman
36:28 Chain Mail Armor
36:17 Druzhina
36:38 Conscription
36:57 Two-Handed Swordsman
37:38 Squires
38:22 Champion
44:21 Elite Boyar
46:10 Plate Mail Armor
48:01 Plate Barding Armor
48:30 Blast Furnace
51:45 Chemistry
50:24 Onager
51:41 Hand Cart
Connection lost

Rejoining the realm…

Still unreachable

The connection could not be restored.

Session expired

The server has moved on; the page needs a fresh start.